 Dungeon Crawl Stone Soup version 0.30-a0-1164-ge08a67761e (webtiles) character file.

Game seed: 2322023818243936902

2 jasper the Digger (level 1, -4/14 HPs)
             Began as a Ghoul Earth Elementalist on Apr 29, 2023.
             Slain by a gnoll
             ... wielding a +0 flail
              (6 damage)
             ... on level 1 of the Dungeon.
             The game lasted 00:00:34 (133 turns).

jasper the Digger (Ghoul Earth Elementalist)         Turns: 133, Time: 00:00:34

Health: -4/14      AC:  2    Str: 11    XL:     1   Next: 40%
Magic:  0/2        EV: 12    Int: 10    God:
Gold:   0          SH:  0    Dex:  9    Spells: 2/3 levels left

rFire   . . .        c - +1 hand axe (freeze)
rCold   + . .        (no shield)
rNeg    + + +        a - +0 robe
rPois   ∞            (no helmet)
rElec   .            (no cloak)
rCorr   .            (no gloves)
SInv    .            (no boots)
Will    .....        (no amulet)
Stlth   ++           (no ring)
HPRegen 0.00/turn    (no ring)
MPRegen 0.08/turn

%: no passive effects
@: inhibited regen
A: claws 1, cold resistance 1, negative energy resistance 3, inhibited
regeneration, torment resistance 2, devour on kill
a: no special abilities


You were on level 1 of the Dungeon.
You visited 1 branch of the dungeon, and saw 1 of its levels.

Inventory:

Hand Weapons
 c - a +1 hand axe of freezing (weapon)
Armour
 a - a +0 robe (worn)
Scrolls
 d - a scroll of noise {unknown}
Potions
 b - a potion of magic


   Skills:
 - Level 1.7 Dodging
 - Level 2.1 Stealth
 + Level 1.9 Spellcasting
 - Level 0.8 Transmutations
 + Level 3.4 Earth Magic


You had 2 spell levels left.
You knew the following spells:

 Your Spells              Type           Power      Damage    Failure   Level
a - Sandblast             Erth           14%        2d6       8%          1

Your spell library contained the following spells:

 Spells                   Type           Power      Damage    Failure   Level
 Passwall                 Tmut/Erth      4%         N/A       21%         2
 Cigotuvi's Dreadful Rot  Necr/Pois/Air  0%         N/A       43%         2
 Stone Arrow              Conj/Erth      8%         3d7       43%         3
 Ignite Poison            Fire/Tmut/Pois 1%         N/A       63%         3
 Petrify                  Tmut/Erth      5%         N/A       78%         4
 Freezing Cloud           Conj/Ice/Air   0%         6-21      100%        5


Dungeon Overview and Level Annotations

Branches:
Dungeon (1/15)

Altars:


Innate Abilities, Weirdness & Mutations

You are immune to poison.
You have sharp fingernails.
Your flesh is cold resistant. (rC+)
You are immune to negative energy. (rN+++)
You do not regenerate when monsters are visible.
You are immune to unholy pain and torment.
You thrive by killing the living.


Message History

You open the door.
There is an open door here.
A rat comes into view.
Aiming: Sandblast (safe; 8% risk of failure)
Press: ? - help, Q - select action Shift-Dir - straight line, f - rat
Aim: a rat (81% to hit)
The blast of sand hits the rat.
The rat is severely wounded.
You now have 1/2 mp.
Aiming: Sandblast (safe; 8% risk of failure)
Press: ? - help, Q - select action Shift-Dir - straight line, f/p - rat
Aim: a rat (severely wounded, 81% to hit)
The blast of sand hits the rat.
You kill the rat!
You now have 0/2 mp.
Found a Trismegistus Codex.
MP restored: 2 A gnoll comes into view. It is wielding a +0 flail.
Found a stone staircase leading down.
The gnoll shouts!
Aiming: Sandblast (safe; 8% risk of failure)
Press: ? - help, Q - select action Shift-Dir - straight line, f - gnoll
Aim: a gnoll, wielding a +0 flail (83% to hit)
The blast of sand hits the gnoll.
The gnoll is moderately wounded.
You now have 1/2 mp.
Aiming: Sandblast (safe; 8% risk of failure)
Press: ? - help, Q - select action Shift-Dir - straight line, f/p - gnoll
Aim: a gnoll, wielding a +0 flail (moderately wounded, 83% to hit)
The blast of sand hits the gnoll.
The gnoll is heavily wounded.
You now have 0/2 mp.
You barely miss the gnoll.
The gnoll is heavily wounded.
The gnoll hits you with a +0 flail!
Ouch! That really hurt!
* * * LOW HITPOINT WARNING * * *
You take 12 damage, and have 2/14 hp.
MASSIVE DAMAGE!!
The gnoll attacks as you move away! The gnoll hits you with a +0 flail.
You die...

.. .. ...##.####
### #........#
#..
#........###.#
#.........##.#
#.........##.#
#............#
##..........@.#
..........###g##
#.###...## #..#
#.####..:........
#.# #...........
#.# #...........
.. #.#
#........... .
##'##
#........... #.
#...#
#......>....


You could see a gnoll.

Vanquished Creatures
  An endoplasm (D:1)
  A ball python (D:1)
  A rat (D:1)
3 creatures vanquished.

Notes
Turn   | Place    | Note
-------+----------+-------------------------------------------
     0 | D:1      | jasper the Ghoul Earth Elementalist began the quest for the
                  | Orb.
     0 | D:1      | Reached XP level 1. HP: 14/14 MP: 2/2
   133 | D:1      | Slain by a gnoll

Illustrated notes

Levels and vault maps discovered:
D:1:      heliophobic_arrival_ceremonial_halls, layout_basic, minmay_hedge_maze,
          kennysheep_doodads

Action                     || total
---------------------------++-------
  Melee: Hand axe          ||     1
   Cast: Sandblast         ||     6

Table legend: (Time is in decaauts)
 A = Elapsed time spent in this place.
 B = Non-inter-level travel time spent in this place.
 C = Inter-level travel time spent in this place.
 D = Time resting spent in this place.
 E = Time spent auto-exploring this place.
 F = Levels seen in this place.
 G = Mean time per level.
                   A        B        C        D        E       F      G
               +--------+--------+--------+--------+--------+-----+--------+
         Total |    135 |    135 |      0 |      0 |     98 |   1 |  135.0 |
       Dungeon |    135 |    135 |      0 |      0 |     98 |   1 |  135.0 |
               +--------+--------+--------+--------+--------+-----+--------+

Top non-repeatable levels by time:
     D:1: 135 daAuts
